Cogmind - Beta 16 @@@ ROGUE MODE // 2025.11.05 @ 15:21:14 Player: ChromeKnight Result: Destroyed by 8R-AWN with 8R-AWN's Boregun Performance ------------- Evolutions (1) 500 Regions Visited (5) 1000 Robots Destroyed (36) 180 Value Destroyed (647) 647 Prototype IDs (27) 540 Alien Tech Used (0) 0 Bonus (273) 273 TOTAL SCORE: 3140 Bonus ------- Aligned with FarCom 300 Friendly Fire -27 Cogmind --------- Core Integrity 0/400 Matter 2/300 Energy 100/100 System Corruption 12% Temperature Cool (0) Movement Core (400) Ox7 Location -9/Exiles Parts ------- > --- POWER (1) -------- (None) > --- PROPULSION (3) --- (None) > --- UTILITY (3) ------ Large Storage Unit Hacking Suite > --- WEAPON (2) ------- Autogun > --- INVENTORY (15) --- Carbon-fiber Leg Small Storage Unit Autogun Autogun Rocket Launcher Peak State ------------ > --- POWER ------------ Improved Ion Engine > --- PROPULSION ------- Carbon-fiber Leg Carbon-fiber Leg Titanium Leg > --- UTILITY ---------- Large Storage Unit Hardened Medium Armor Plating Hacking Suite > --- WEAPON ----------- Improved Assault Rifle Assault Cannon > --- INVENTORY -------- Improved Aluminum Leg Carbon-fiber Leg Small Storage Unit Experimental Sensor Array Splice Drone Bay EM Pulse Cannon EM Pulse Cannon Autogun Autogun Autogun Autogun Autogun Rocket Launcher [Rating: 28] Favorites ----------- Power Improved Ion Engine Engine Improved Ion Engine Propulsion Carbon-fiber Leg Treads Light Treads Leg Carbon-fiber Leg Utility Small Storage Unit Device Cloak of Protection Storage Small Storage Unit Processor Signal Interpreter Hackware Hacking Suite Protection Hardened Medium Armor Plating Weapon Assault Cannon Energy Gun EM Pulse Gun Ballistic Gun Improved Assault Rifle Ballistic Cannon Assault Cannon Launcher Grenade Launcher Build | -11 -10 -10 -9 -9 -9 ------- Run | Yrd Mat Min Mat Min Exi Slots Evolved 2 | . . . 2 . . Power . | . . . . . . Propulsion 1 | . . . 1 . . Utility 1 | . . . 1 . . Weapon . | . . . . . . Parts Attached 33 | 6 . 8 14 . 5 Power 6 | 1 . 2 3 . . Engine 6 | 1 . 2 3 . . Core . | . . . . . . Reactor . | . . . . . . Propulsion 6 | 2 . . 4 . . Treads 2 | 2 . . . . . Leg 4 | . . . 4 . . Wheel . | . . . . . . Hover . | . . . . . . Flight . | . . . . . . Utility 12 | 1 . 4 6 . 1 Device 4 | . . 3 . . 1 Storage 4 | 1 . . 3 . . Processor 1 | . . . 1 . . Hackware 1 | . . . 1 . . Protection 2 | . . 1 1 . . Artifact . | . . . . . . Weapon 9 | 2 . 2 1 . 4 Energy Gun 2 | 2 . . . . . Energy Cannon . | . . . . . . Ballistic Gun 4 | . . . 1 . 3 Ballistic Cannon 1 | . . 1 . . . Launcher 2 | . . 1 . . 1 Special Weapon . | . . . . . . Impact Weapon . | . . . . . . Slashing Weapon . | . . . . . . Piercing Weapon . | . . . . . . Special Melee Weapon . | . . . . . . Unidentified Prototypes 4 | . . 2 2 . . Corrupted Parts 2 | . . 1 1 . . System Corruption 11 | . . 8 3 . . Parts Lost 13 | . . 1 2 . 10 Power 1 | . . . . . 1 Propulsion 3 | . . . . . 3 Utility 3 | . . . 1 . 2 Weapon 6 | . . 1 1 . 4 Highest Loss Streak 10 | . . 1 1 . 10 To Critical Strikes 4 | . . . . . 4 Average Backups 8 | . 4 7 8 14 11 Power . | . . . . . . Propulsion 1 | . . 2 1 1 1 Utility 2 | . 2 4 2 5 3 Weapon 3 | . . 1 5 8 6 Tool/Special . | . . . . . . Unused Backups 16 | . . 3 2 . 11 Power 3 | . . . . . 3 Propulsion 1 | . . . . . 1 Utility 7 | . . 3 1 . 3 Weapon 5 | . . . 1 . 4 Tool/Special . | . . . . . . Average Slot Usage (%) 93 | . 85 93 97 98 92 Engine 11 | . 14 14 10 11 9 Treads 10 | . 28 28 1 . . Leg 18 | . . . 30 33 29 Storage 12 | . 14 14 11 11 11 Hackware 6 | . . . 9 11 11 Protection 8 | . . 8 10 11 9 Energy Gun 7 | . 28 15 . . . Ballistic Gun 6 | . . . 9 11 12 Ballistic Cannon 7 | . . 4 10 9 8 Launcher 2 | . . 8 . . . Peak Build Rating 28 | 6 6 17 28 27 28 Average Rating 18 | 4 6 11 24 26 24 On Entrance 13 | . 6 6 12 27 27 Avg Prop Armor Cover (%) . | . . . . . . Naked Turns . | . . . . . . Heaviest Build 43 | 12 12 25 43 43 43 Greatest Support 47 | 40 40 40 47 45 45 Greatest Overweight (x) 7 | . . . 1 . 7 Average Overweight (x) . | . . . . . . Largest Inventory Capacity 15 | 8 8 8 15 15 15 Average Capacity 10 | 7 8 8 9 15 15 Most Carried 15 | . 5 8 15 14 15 Average Carried 8 | . 4 7 8 14 11 Final Capacity 15 | 8 8 8 15 15 15 Final Carried 14 | . 5 7 14 14 5 Class Distribution -------------------- 85% | Mutant 14% | Scavenger-Mutant Dominant Class ---------------- Mutant | -10/Materials Mutant | -10/Mines Mutant | -9/Materials Mutant | -9/Mines Mutant | -9/Exiles Resources | -11 -10 -10 -9 -9 -9 ----------- Run | Yrd Mat Min Mat Min Exi Matter Collected 1176 | 182 18 111 823 36 6 Remotely . | . . . . . . Salvage Created 1016 | . 18 175 767 36 20 Parts 68 | . . 7 54 7 . Haulers Intercepted 3 | . . . 3 . . Recyclers Shooed 1 | . . . 1 . . Parts Field Recycled . | . . . . . . Retrieved Matter . | . . . . . . Parts Self-Destructed . | . . . . . . Prevented . | . . . . . . Parts Restored . | . . . . . . Kills | -11 -10 -10 -9 -9 -9 ------- Run | Yrd Mat Min Mat Min Exi Combat Hostiles Destroyed 29 | . . 3 18 3 5 Guns 8 | . . 1 4 3 . Cannons 15 | . . 1 14 . . AOE 5 | . . . . . 5 Classes Destroyed 9 | . 1 2 5 . 1 Hauler 3 | . . . 3 . . Recycler 4 | . . 1 3 . . Operator 2 | . 1 . 1 . . Watcher 3 | . . . 3 . . Swarmer 14 | . . . 11 3 . Grunt 3 | . . . 3 . . Brawler 1 | . . . 1 . . Sentry 5 | . . 2 3 . . Assembled 5 | . . . . . 5 Best Kill Streak 5 | . 1 2 5 3 5 Combat Bots Only 5 | . . 2 4 3 5 Max Kills in Single Turn 2 | . 1 1 2 1 2 Gunslinging . | . . . . . . Exploded 2 | . . . . . 2 Melee . | . . . . . . Uniques/NPCs Destroyed 1 | . . 1 . . . YI-UF0 (-10/Mines) Combat | -11 -10 -10 -9 -9 -9 -------- Run | Yrd Mat Min Mat Min Exi Hostile Shots Fired 194 | . . 12 86 5 91 Missed 45 | . . 3 28 1 13 Hits 149 | . . 9 58 4 78 Melee 2 | . . . 2 . . Projectile 147 | . . 9 56 4 78 AOE 8 | . . 8 . . . Critical Strikes 34 | . . . . . 34 Damage Taken 2685 | . . 362 614 24 1685 Core 439 | . . 35 37 . 367 Absorbed by Shields . | . . . . . . Regen/Repaired (Parts) 290 | . . . 290 . . Core Remaining (%) 93 | 100 . 86 . . . Volleys Fired 127 | . 3 8 75 6 35 Largest 2 | . 2 2 2 2 2 Hottest 90 | . 90 90 60 60 60 Shots Fired 205 | . 6 11 126 8 54 Gun 110 | . 6 8 52 3 41 Cannon 90 | . . 3 74 5 8 Launcher 5 | . . . . . 5 Special . | . . . . . . Kinetic 186 | . . 3 126 8 49 Thermal 6 | . 3 3 . . . Explosive 5 | . . . . . 5 Electromagnetic 8 | . 3 5 . . . Robot Hit Streak 16 | . 3 3 5 4 16 Robot Miss Streak 4 | . 1 2 4 . 3 Penetration Max . | . . . . . . Secondary Targets . | . . . . . . Shots Hit Robots 120 | . 4 7 68 3 38 Core Hits 57 | . 1 5 33 3 15 Critical Kills . | . . . . . . Critical Parts Destroyed . | . . . . . . Critical Strikes 4 | . . 1 2 . 1 Destroy 1 | . . . . . 1 Blast 3 | . . 1 2 . . Melee Attacks . | . . . . . . Impact . | . . . . . . Slashing . | . . . . . . Piercing . | . . . . . . Sneak Attacks . | . . . . . . Combat Hostiles . | . . . . . . Follow-up Attacks . | . . . . . . Damage Inflicted 2538 | . 65 111 1449 49 864 Guns 1164 | . 65 60 521 49 469 Cannons 1094 | . . 51 928 . 115 Explosions 271 | . . . . . 271 Melee . | . . . . . . Ramming 9 | . . . . . 9 Kinetic 2133 | . . 51 1449 49 584 Thermal 51 | . 13 38 . . . Explosive 271 | . . . . . 271 Electromagnetic 74 | . 52 22 . . . Impact . | . . . . . . Slashing . | . . . . . . Piercing . | . . . . . . Highest Corruption 12 | . . 8 6 6 12 Average Corruption 6 | . . 8 5 6 7 Corruption Purged . | . . . . . . Corruption Blocked . | . . . . . . Effects 67 | . . 6 31 3 27 Message Errors 16 | . . . 7 . 9 Matter Fused 13 | . . 1 6 1 5 Heat Flow Errors 9 | . . 1 3 1 4 Energy Discharges 7 | . . 1 4 . 2 Parts Rejected 1 | . . . . 1 . Parts Fused 1 | . . . 1 . . Data Loss (minor) 9 | . . 1 6 . 2 Data Loss (major) 4 | . . 2 2 . . Misfires 1 | . . . . . 1 Alerts 1 | . . . 1 . . Weapon Failures 5 | . . . 1 . 4 Overload Shots . | . . . . . . Overflow Damage 5 | . . . 5 . . Projectiles 5 | . . . 5 . . Explosions . | . . . . . . Melee . | . . . . . . Knockbacks 1 | . . . 1 . . Impact . | . . . . . . Kinetic 1 | . . . 1 . . Secondary . | . . . . . . Self-Inflicted Damage 34 | . . . . . 34 Shots 1 | . . . . . 1 Rammed 8 | . . . . . 8 Targets Rammed 10 | . . . . . 10 Kicked 2 | . . . . . 2 Crushed . | . . . . . . Highest Temperature 261 | . 60 261 238 172 228 Average Temperature 62 | . 26 69 50 75 105 Received Heat Transfer 87 | . . 9 78 . . Effects 1 | . . 1 . . . Energy Bleed 1 | . . 1 . . . Siege Activations . | . . . . . . Martial Activations . | . . . . . . Shielding Activations . | . . . . . . Robots Disrupted . | . . . . . . Combat Hostiles . | . . . . . . Robots Corrupted . | . . . . . . Combat Hostiles . | . . . . . . Parts Fried . | . . . . . . Impact Corruptions . | . . . . . . Robots Melted . | . . . . . . Combat Hostiles . | . . . . . . Parts Melted 2 | . . 2 . . . Heat Transferred 148 | . 37 111 . . . Parts Sabotaged . | . . . . . . Parts Stolen . | . . . . . . Parts Stripped . | . . . . . . Power Chain Reactions . | . . . . . . Alert | -11 -10 -10 -9 -9 -9 ------- Run | Yrd Mat Min Mat Min Exi Maximum Alert Level . | . . . . . . Low Security (%) 100 | 100 100 100 100 100 . Level 1 . | . . . . . . Level 2 . | . . . . . . Level 3 . | . . . . . . Level 4 . | . . . . . . Level 5 . | . . . . . . High Security . | . . . . . . Max Security . | . . . . . . Peak Influence 190 | . 5 40 190 118 . Initial 47 | . . . . 47 . Average 59 | . . 2 117 99 . Influence Increases 751 | . 5 46 628 72 . Destroy 0b10 Robot/C 460 | . . 40 360 60 . Destroy 0b10 Robot/NC 60 | . 5 5 50 . . Destroy Leader 102 | . . . 92 10 . Successful Hack 20 | . . . 20 . . Disable Machine 30 | . . . 30 . . Destroy Structure 19 | . . 1 16 2 . Lose Combat Pursuer 60 | . . . 60 . . Influence Decreases 751 | . 5 46 505 106 89 Entered New Map 165 | . . . . 76 89 Time Decay 576 | . 5 46 495 30 . Lost Part 10 | . . . 10 . . Squads Dispatched 1 | . 1 . . . . Investigation . | . . . . . . Extermination . | . . . . . . Reinforcement 1 | . 1 . . . . Assault . | . . . . . . Garrison . | . . . . . . Intercept . | . . . . . . Searches Triggered . | . . . . . . Construction Impeded . | . . . . . . Haulers Reinforced . | . . . . . . Active Scanning Responses . | . . . . . . Cargo Convoy Interrupts . | . . . . . . Stealth | -11 -10 -10 -9 -9 -9 --------- Run | Yrd Mat Min Mat Min Exi Distress Signals 1 | . . . 1 . . Communications Jammed . | . . . . . . Distress Signals . | . . . . . . Times Spotted 46 | . . 3 33 3 7 Peak Tracking Total 11 | . 1 2 7 3 11 Tactical Retreats 4 | . . . 2 . 2 Traps | -11 -10 -10 -9 -9 -9 ------- Run | Yrd Mat Min Mat Min Exi Traps Triggered 5 | . . 1 4 . . Indirectly . | . . . . . . Trap Hack Attempts . | . . . . . . Triggered . | . . . . . . Disarmed . | . . . . . . Reprogrammed . | . . . . . . Reused . | . . . . . . Traps Extracted . | . . . . . . Installed . | . . . . . . Triggered . | . . . . . . Machines | -11 -10 -10 -9 -9 -9 ---------- Run | Yrd Mat Min Mat Min Exi Machines Disabled 5 | . . . 2 . 3 Max in Single Turn 2 | . . . 1 . 2 Machines Repaired . | . . . . . . Machines Dismantled . | . . . . . . Machines Sabotaged . | . . . . . . Overloaded Fab Kills . | . . . . . . Hacking | -11 -10 -10 -9 -9 -9 --------- Run | Yrd Mat Min Mat Min Exi Machines Accessed 10 | . 2 2 5 . 1 Terminals 4 | . 2 . 2 . . Fabricators . | . . . . . . Repair Stations 2 | . . . 2 . . Recycling Units . | . . . . . . Scanalyzers 1 | . . . 1 . . Garrison Access . | . . . . . . Total Hacks 24 | . 4 2 17 . 1 Successful 16 | . 1 2 12 . 1 Failed 8 | . 3 . 5 . . Catastrophic 1 | . . . 1 . . Database Lockouts . | . . . . . . Manual 6 | . 3 . 2 . 1 Terminals 7 | . 4 . 3 . . Fabricators . | . . . . . . Repair Stations 11 | . . . 11 . . Recycling Units . | . . . . . . Scanalyzers 3 | . . . 3 . . Garrison Access . | . . . . . . Terminal Hacks 6 | . 1 2 2 . 1 Robot Analysis 1 | . 1 . . . . Open Door 2 | . . 2 . . . Level Access Points 1 | . . . 1 . . Branch Access Points 1 | . . . 1 . . Proto ID Catalog 1 | . . . . . 1 Fabricator Hacks . | . . . . . . Repair Station Hacks 9 | . . . 9 . . Scan Component 5 | . . . 5 . . Repair 4 | . . . 4 . . Recycling Unit Hacks . | . . . . . . Scanalyzer 1 | . . . 1 . . Insert Component 1 | . . . 1 . . Garrison Access Hacks . | . . . . . . Unauthorized Hacks . | . . . . . . Terminals . | . . . . . . Fabricators . | . . . . . . Repair Stations . | . . . . . . Recycling Units . | . . . . . . Scanalyzers . | . . . . . . Garrison Access . | . . . . . . Data Cores Recovered 1 | . . . 1 . . Used . | . . . . . . Hacking Detections 7 | . 2 . 5 . . Full Trace Events . | . . . . . . Feedback Events . | . . . . . . Feedback Blocked . | . . . . . . Robot Schematics Acquired . | . . . . . . Robots Built . | . . . . . . Authchips . | . . . . . . Time . | . . . . . . Total Robot Build Rating . | . . . . . . Part Schematics Acquired . | . . . . . . Parts Built . | . . . . . . Authchips . | . . . . . . Time . | . . . . . . Total Part Build Rating . | . . . . . . Part Studies Acquired . | . . . . . . Parts Repaired 4 | . . . 4 . . Time 250 | . . . 250 . . Parts Recycled . | . . . . . . Recycled Matter . | . . . . . . Retrieved Matter . | . . . . . . Retrieved Components . | . . . . . . Parts Scanalyzed 1 | . . . 1 . . Part Schematics Acquired . | . . . . . . Parts Damaged 1 | . . . 1 . . Bothacking | -11 -10 -10 -9 -9 -9 ------------ Run | Yrd Mat Min Mat Min Exi Used RIF Installer . | . . . . . . Robots Hacked . | . . . . . . Non-combat . | . . . . . . Combat . | . . . . . . Robot Hacks Applied . | . . . . . . Relay Couplers Released . | . . . . . . Fabnet Peak Effective % . | . . . . . . Robots Rewired . | . . . . . . Allies Hacked . | . . . . . . Hacks Repelled . | . . . . . . Allies | -11 -10 -10 -9 -9 -9 -------- Run | Yrd Mat Min Mat Min Exi Total Allies . | . . . . . . Largest Group . | . . . . . . Highest-Rated Group . | . . . . . . Highest-Rated Ally . | . . . . . . Total Orders 1 | . . 1 . . . RETURN 1 | . . 1 . . . Ally Attacks . | . . . . . . Total Damage . | . . . . . . Kills . | . . . . . . Allies Corrupted . | . . . . . . Allies Melted . | . . . . . . Intel | -11 -10 -10 -9 -9 -9 ------- Run | Yrd Mat Min Mat Min Exi Active Infowar (turns) 3 | . . 2 . . 1 Sensors 2 | . . 2 . . . Cloaking 1 | . . . . . 1 Robot Analysis Total 1 | . 1 . . . . Derelict Logs Recovered 1 | . . 1 . . . Drone Launches 1 | . . 1 . . . Drone Recoveries 1 | . . 1 . . . Exploration | -11 -10 -10 -9 -9 -9 ------------- Run | Yrd Mat Min Mat Min Exi Turns Passed 3683 | 62 522 850 1405 78 766 Spaces Moved 1980 | 36 295 434 703 50 462 Core 4 | 3 . . . . 1 Treads 791 | 33 295 434 29 . . Legs 1185 | . . . 674 50 461 Wheels . | . . . . . . Hover . | . . . . . . Flight . | . . . . . . Fastest Speed 50 | 50 160 160 120 123 123 Average Speed 138 | 150 160 160 125 123 124 Slowest Speed 400 | 160 160 160 195 123 400 Overloaded Moves . | . . . . . . Propulsion Burnouts . | . . . . . . Robots Hopped . | . . . . . . Potential Cave-ins 4 | . . . . . 4 Cave-ins Triggered 1 | . . . . . 1 Exploration Rate (%) 37 | 4 26 69 54 13 60 Regions Visited 5 Branch Regions 3 Pre-discovered Areas 1 | . . 1 . . . Known Exits Taken 1 | . . . 1 . . Unknown Exits Taken 4 | 1 1 1 . 1 . Scrap Searched . | . . . . . . Spaces Dug 3 | . . 1 2 . . Terrain Destroyed 47 | . . 1 15 3 28 Melee . | . . . . . . Projectile 21 | . . 1 15 3 2 AOE 26 | . . . . . 26 Terrain Rammed . | . . . . . . Walls Destroyed . | . . . . . . Machines Disabled . | . . . . . . Actions | -11 -10 -10 -9 -9 -9 --------- Run | Yrd Mat Min Mat Min Exi Total 2695 | 41 339 581 1099 58 577 Wait 464 | . 37 107 271 2 47 Move 1974 | 35 294 433 702 49 461 Hop . | . . . . . . Pick Up 37 | . 5 10 16 . 6 Fast Attach 25 | 6 . 6 12 1 . Attach 13 | . . 4 5 . 4 Detach . | . . . . . . Swap 9 | . . 1 6 . 2 Drop 35 | . . 12 12 . 11 Fire 127 | . 3 8 75 6 35 Melee . | . . . . . . Ram 8 | . . . . . 8 Kick 2 | . . . . . 2 Crush . | . . . . . . Escape Stasis 1 | . . . . . 1 Rewire . | . . . . . . Trap . | . . . . . . Miscellaneous . | . . . . . . Route ------- -11/Scrapyard -10/Materials -10/Mines (discovered 2 exits: *Mat x2) -9/Materials (discovered 5 exits: *Mat x3 / *Min x2) -9/Mines -9/Exiles History --------- Turn | Location | Event 28 | -11/Scrapyard | Discovered new exit (range 15) 63 | -11/Scrapyard | Entered Materials 187 | -10/Materials | Discovered new exit (range 12) 311 | -10/Materials | Build established: Mutant 585 | -10/Materials | Entered Mines 595 | -10/Mines | Met a Derelict who couldn't figure out how to use a Trap Extractor 860 | -10/Mines | Discovered new exit (range 12) 883 | -10/Mines | Joined a pair of Derelicts in attacking an 0b10 outpost 974 | -10/Mines | Found a damaged Exp. Sensor Array with a note attached 978 | -10/Mines | Found Prototype Device 978 | -10/Mines | Identified Exp. Sensor Array 996 | -10/Mines | Discovered new exit (range 6) 1017 | -10/Mines | Found the Drone Emporium 1025 | -10/Mines | Found Prototype Device 1025 | -10/Mines | Identified Splice Drone Bay 1160 | -10/Mines | Destroyed YI-UF0 1257 | -10/Mines | Found a hidden stash of uninstalled traps 1435 | -10/Mines | Entered Materials 1435 | -9/Materials | Evolved 2 slots: Propulsion x1, Utility x1 1591 | -9/Materials | Discovered new exit (range 14) 1649 | -9/Materials | Identified exit to Materials 1776 | -9/Materials | Discovered new exit (range 12) 1921 | -9/Materials | Repaired Assault Cannon 1961 | -9/Materials | Repaired Carbon-fiber Leg 2309 | -9/Materials | Repaired Hrd. Medium Armor Plating 2447 | -9/Materials | Repaired Broken Exp. Sensor Array 2482 | -9/Materials | Build established: Scavenger-Mutant 2753 | -9/Materials | Identified exit to Mines 2840 | -9/Materials | Entered Mines 2883 | -9/Mines | Met a Derelict bent on vengeance 2889 | -9/Mines | Assembled infested the area 2894 | -9/Mines | Discovered new exit (range 2) 2904 | -9/Mines | Deemed a non-threat by the Exiles lab entrance 2918 | -9/Mines | Entered Exiles 2949 | -9/Exiles | Met 8R-AWN 2969 | -9/Exiles | Met EX-HEX 3004 | -9/Exiles | Build established: Mutant 3033 | -9/Exiles | Met EX-BIN 3048 | -9/Exiles | Aligned with FarCom system 3051 | -9/Exiles | Given EX-Vault access code 3079 | -9/Exiles | Opened EX-Vault 3090 | -9/Exiles | Found Cloak of Protection 3114 | -9/Exiles | Warned to stay clear of 0b10 Research branches 3172 | -9/Exiles | Met EX-DEC 3460 | -9/Exiles | Attacked by the Exiles 3552 | -9/Exiles | Crushed by falling debris 3553 | -9/Exiles | System corruption reached 10% 3618 | -9/Exiles | Core integrity fell below 50% 3664 | -9/Exiles | Core integrity fell below 20% 3684 | -9/Exiles | Destroyed by 8R-AWN with 8R-AWN's Boregun Last Messages --------------- 03668_ HV Slug penetrates Wall. 03669_ The unstable cave ceiling collapses. 03671_ System corrupted: Autogun jammed. 03672_ Penetrated by HV Slug. 03672_ HV Slug penetrates Wall. 03672_ Penetrated by HV Slug. 03672_ HV Slug penetrates Wall. 03673_ Destroyed Prototype Protection. 03675_ Penetrated by HV Slug. 03675_ HV Slug penetrates Wall. 03675_ Penetrated by HV Slug. 03675_ HV Slug penetrates Wall. 03677_ >|PRM/ R6:CR1XFHHLE95KWD6IXE 03679_ Penetrated by HV Slug. 03679_ HV Slug penetrates Wall. 03679_ Penetrated by HV Slug. 03679_ HV Slug penetrates Wall. 03684_ Penetrated by HV Slug. 03684_ HV Slug penetrates Machine. 03684_ Penetrated by HV Slug. Map ----- +----------------------------------------------------+ | ?????????????????????????????????????????????????? | | ?????????????????????????????????????????????????" | | ?????????????????????????????????????????????????" | | ????????????????????????????????????????????????#" | | ????????????????????????????????????????????????#" | | ????????????????????????????????????????????????#" | | ????????????????????????????????????????????????#" | | ????????????????????????????????????????????????## | | ?????????????????????????????????????????????????? | | ?????????????????????????????????????????????????? | | ?????????????????????????????????????????????????? | | ???????? ????? ????????#######???????????????????? | | ???????? ####"#????####!!! "#???????????????????? | | ??????? # #???# ## "#???????????????????? | | ??????? ???# ## "#???????????????????? | | ???????" #?? ## ""#?????????????#?????? | | ???????" ###;#" ""#???????????? ""???? | | ????????# ;#" ""????##???????" """??? | | ?????????# ;"" #????# #???????" ??? | | ????????????# ##### #???????"" ??? | | ???????????????# ## # #????????"" "??? | | ????????????????# ##???????? ""??? | | ?????????######## #?????????" "???? | | ?????????# !!""" " #?????????# #???? | | ?????????#! ] # %% #####???### ###?# | | ?????????#! !!! # g@ " #####X# #"### | | ?????????#! !] ; """" | | ?????????# !""""" %;# # "" " | | ?????????########;# # ### ## | | ????????????????######??####;; | | ?????????????????????????????### % | | ???????????????????????????????## | | ????????????????????????????????## | | ?????????????????????????????????##" | | ??????????????????????????????????#""" | | ??????????????????????????????????#" | | ?????????????????????????????????#"" | | ?????????????????????????????????#""" "" | | ?????????????????????????????????""" """ | | ?????????????????????????????????""" "" | | ??????????????????????????????????" # | | ?????????????????????????????????""" | | ?????????????????????????????????"" | | ??????????????????????????????????"" | | ??????????????????????????????????"""" | | ??????????????????????????????????? | | ????????????????????????????????????? ? | | ??????????????????????????????????????" ?? | | ?????????????????????????????????????????????????? | | ?????????????????????????????????????????????????? | +----------------------------------------------------+ Best States ------------- Heat Dissipation 28 Energy Generation 18 Energy Capacity 265 Matter Stores 300 Matter Capacity 300 Sight Range 16 Terrain Scan Density 10 Cloak Strength 5 Armor Coverage 225 Evasion (%) 55 Recoil Reduction 2 Offensive Hacking 10 Item Schematics ----------------- None Robot Schematics ------------------ None Fabricated ------------ Nothing Repaired ---------- Assault Cannon | 39% | -9/Materials Carbon-fiber Leg | 31% | -9/Materials Hrd. Medium Armor Plating | 52% | -9/Materials Exp. Sensor Array | 62% | -9/Materials | Broken Studied --------- None Alien Tech Used ----------------- None Achievements -------------- None Challenges ------------ None Game ------ Seed SupersonicNavigationChainsaw Manual? 0 Play Time 00:24:33 Cumulative 506.7 hours Start 2025.11.05 @ 14:08:24 End 2025.11.05 @ 15:21:14 Sessions 1 Manual Loads 0 Difficulty Rogue Special Mode None Game No. 844 Rogue 689 Adventurer 148 Explorer 7 Win Type - Total 24 Types 19/1/3/1/0/0/0/0/0/0 Lore% 75 Gallery% 78 Achievement% 61 Wizard Run 0 Options --------- Layout 1 ASCII 0 Keyboard 0 Movement Numpad Keybinds 0 Fullscreen 2 Font 24/Smallcaps Map View 50x35 Zoom Use 0% Tactical HUD 1 Map Filters NONE Filters NONE Steam 1 RUN: 15a42026-f33c-4562-95c4-d5ac700ae310